 Dungeon Crawl Stone Soup version 0.26.1-11-gd32895ea62 (webtiles) character file.

Game seed: 5543137804464404652

39 comborobin the Ruffian (level 3, -27/33 HPs)
             Began as a Palentonga Monk on June 2, 2021.
             Annihilated by an ogre
             ... wielding a +0 giant club
              (29 damage)
             ... on level 2 of the Dungeon.
             The game lasted 00:01:18 (1386 turns).

comborobin the Ruffian (Palentonga Monk)            Turns: 1386, Time: 00:01:19

Health: -27/33     AC:  4    Str: 15    XL:     3   Next: 26%
Magic:  3/3        EV: 10    Int: 10    God:
Gold:   28         SH:  0    Dex: 12    Spells: 2/2 levels left

rFire    . . .     SeeInvis +     - Unarmed
rCold    . . .     Faith    .   (no shield)
rNeg     . . .     Spirit   .   a - +0 robe
rPois    .         Reflect  .   (no helmet)
rElec    .         Harm     .   (no cloak)
rCorr    .         Rampage  .   (no gloves)
Will     .....                  (no barding)
Stlth    ++........             (no amulet)
HPRegen  0.11/turn              (no ring)
MPRegen  0.08/turn              (no ring)

@: no status effects
A: large, rugged brown scales 3, see invisible, deformed body, roll 1, armoured
tail
a: Rolling Charge


You were on level 2 of the Dungeon.
You visited 1 branch of the dungeon, and saw 2 of its levels.

You collected 28 gold pieces.

Inventory:

Armour
 a - a +0 robe (worn)
Scrolls
 c - 2 scrolls of remove curse
 f - a scroll of amnesia {unknown}
Potions
 b - 4 potions of curing {unknown}
 d - 2 potions of ambrosia {unknown}
 e - a potion of haste {unknown}
 g - a potion of mutation {unknown}
 h - 2 potions of degeneration {unknown}
 i - a potion of berserk rage {unknown}


   Skills:
 - Level 3.0 Fighting
 - Level 2.4 Dodging
 - Level 1.2 Stealth
 + Level 4.4 Unarmed Combat


You had 2 spell levels left.
You didn't know any spells.
Your spell library was empty.

Dungeon Overview and Level Annotations

Branches:
Dungeon (2/15)

Altars:


Innate Abilities, Weirdness & Mutations

You are completely covered in rugged brown scales. (AC +3, +7% HP)
You have supernaturally acute eyesight. (SInv)
Armour fits poorly on your strangely shaped body.
You can roll at nearby foes to attack.
You have a long armoured tail.


Message History

The bat hits you but does no damage. The bat barely misses you.
You miss the bat. The bat barely misses you.
The bat hits you but does no damage.
There is an open door, spattered with blood here.
You see here a stone.
A hobgoblin comes into view.
The ogre barely misses you. The bat hits you.
You see here a stone.
You hit the ogre but do no damage. You tail-slap the ogre.
The ogre is lightly wounded.
The bat hits you but does no damage.
The ogre hits you with a +0 giant club!!
Ouch! That really hurt!
* * * LOW HITPOINT WARNING * * *
You hit the ogre.
The ogre is lightly wounded.
The bat barely misses you.
The ogre hits you with a +0 giant club!!
Ouch! That really hurt!
You die...

... ....## ...#
##....##
....##......##
.g.........#
#.........+ .
#........#
#..##..(....#
#.......O..##
.......b@.##
...#####(##
########.#
##........#
#......(#.##
#.####<.####....#
#..........#.....#
######..##......##
#............


You could see an ogre, a hobgoblin and a bat.

Vanquished Creatures
  A gnoll (D:1)
  An adder (D:2)
  A dart slug (D:1)
  2 giant cockroaches (D:1)
  A goblin (D:1)
  3 hobgoblins (D:1)
  A ball python (D:1)
  A frilled lizard (D:1)
  7 kobolds
  3 rats (D:1)
21 creatures vanquished.

Notes
Turn   | Place    | Note
-------+----------+-------------------------------------------
     0 | D:1      | comborobin the Palentonga Monk began the quest for the Orb.
     0 | D:1      | Reached XP level 1. HP: 20/20 MP: 1/1
   261 | D:1      | Reached XP level 2. HP: 18/27 MP: 2/2
   616 | D:1      | Reached skill level 4 in Unarmed Combat
   978 | D:1      | Reached XP level 3. HP: 27/33 MP: 3/3
  1378 | D:2      | Noticed an ogre
  1386 | D:2      | Annihilated by an ogre

Illustrated notes

Levels and vault maps discovered:
D:1:      dpeg_arrival_houses_and_road, layout_loops_ring
D:2:      layout_loops_corners, minmay_overflow_temple_star_hex,
          nicolae_dithmenos_shadow_blocks, uniq_crazy_yiuf_cottage

Skill      XL: |  1  2 |
---------------+-------+-----
Unarmed Combat | 4 |  4.4
Fighting       | |  3.0
Dodging        | |  2.4
Stealth        | |  1.2

Action                   || total
-------------------------++-------
Melee: Unarmed           ||    90
       Tailslap          ||     9
  Use: Scroll            ||     4
 Stab: Sleeping          ||     1
Armor: Robe              ||    30
Dodge: Dodged            ||    52
